 Dungeon Crawl Stone Soup version 0.30-a0-457-g4b7bca3bfa (webtiles) character file.

Game seed: 17873363892214089421

816 Essalna the Gusty (level 7, -4/44 HPs)
             Began as a Tengu Air Elementalist on Dec 13, 2022.
             Was an Initiate of Vehumet.
             Slain by a vampire mosquito (6 damage)
             ... on level 5 of the Dungeon.
             The game lasted 00:11:36 (4663 turns).

Essalna the Gusty (Tengu Air Elementalist)          Turns: 4663, Time: 00:11:37

Health: -4/44      AC:  4    Str:  8    XL:     7   Next: 94%
Magic:  19/21      EV: 14    Int: 24    God:    Vehumet [......]
Gold:   187        SH:  0    Dex: 14    Spells: 3/12 levels left

rFire   . . .      SeeInvis .    v - +0 dagger (venom)
rCold   . . .      Faith    .    (no shield)
rNeg    . . .      Spirit   .    a - +0 robe
rPois   .          Reflect  .    (helmet restricted)
rElec   .          Harm     .    e - +0 cloak
rCorr   .          Rampage  .    z - +0 pair of gloves
Will    .....                    (boots unavailable)
Stlth   ++........               t - amulet of magic regeneration
HPRegen 0.27/turn                r - ring of magical power
MPRegen 0.57/turn                o - +6 ring of intelligence

@: about to teleport, flying quickly and evasively, quick
A: beak, talons 3, nimble flight
a: Renounce Religion


You were on level 5 of the Dungeon.
You worshipped Vehumet.
Vehumet was noncommittal.
You visited 2 branches of the dungeon, and saw 6 of its levels.

You collected 187 gold pieces.

Inventory:

Hand Weapons
 c - a +0 dagger
 v - a +0 dagger of venom (weapon)
 w - a +0 dagger of speed
Armour
 a - a +0 robe (worn)
 e - a +0 cloak (worn)
 z - a +0 pair of gloves (worn)
Jewellery
 m - a ring of protection from cold
 o - a +6 ring of intelligence (right hand)
 r - a ring of magical power (left hand)
 t - an amulet of magic regeneration (around neck)
 u - a +6 ring of strength
Scrolls
 d - a scroll of immolation
 g - a scroll of fog
 k - a scroll of enchant weapon {unknown}
 n - 3 scrolls of identify
 q - 2 scrolls of fear
 x - a scroll of butterflies
 y - a scroll of blinking {unknown}
 A - 3 scrolls of vulnerability {unknown}
Potions
 b - a potion of magic
 f - 2 potions of brilliance
 h - 2 potions of heal wounds {unknown}
 i - a potion of mutation {unknown}
 j - 3 potions of lignification {unknown}
 p - a potion of flight
 s - 4 potions of curing {unknown}


   Skills:
 + Level 4.4 Fighting
 - Level 2.1 Dodging
 - Level 2.0 Stealth
 - Level 3.1 Spellcasting
 + Level 6.1 Conjurations
 + Level 7.3 Air Magic


You had 3 spell levels left.
You knew the following spells:

 Your Spells              Type           Power      Damage    Failure   Level
a - Shock                 Conj/Air       100%       1d9       1%          1
b - Static Discharge      Conj/Air       72%        2-5/arc   1%          2
c - Poisonous Vapours     Pois/Air       42%        N/A       3%          2
d - Airstrike             Air            19%        2d(3-19)  4%          4

Your spell library contained the following spells:

 Spells                   Type           Power      Damage    Failure   Level
 Swiftness                Air            39%        N/A       1%          3
 Mephitic Cloud           Conj/Pois/Air  25%        N/A       4%          3
 Cigotuvi's Dreadful Rot  Necr/Pois/Air  30%        N/A       6%          2
 Dazzling Flash           Conj/Hex       36%        N/A       9%          3
 Apportation              Tloc           6%         N/A       11%         1
 Beastly Appendage        Tmut           6%         N/A       11%         1
 Necrotise                Necr           12%        1d4       11%         1
 Summon Small Mammal      Summ           12%        N/A       11%         1
 Wereblood                Tmut           3%         N/A       16%         2
 Spider Form              Tmut/Pois      3%         N/A       32%         3
 Iskenderun's Mystic Bla  Conj/Tloc      18%        2d6       30%         4
 Starburst                Conj/Fire      9%         6d5       99%         6
 Chain Lightning          Conj/Air       18%        3d24      100%        9
 Fire Storm               Conj/Fire      9%         8d2       100%        9
 Shatter                  Erth           1%         3d6*      100%        9


Dungeon Overview and Level Annotations

Branches:
Dungeon (5/15)             Temple (1/1) D:4

Altars:
Ashenzari
Cheibriados
Dithmenos
Elyvilon
Fedhas
Gozag
Hepliaklqana
Kikubaaqudgha
Makhleb
Nemelex Xobeh
Okawaru
Ru
Sif Muna
Uskayaw
Vehumet
Wu Jian
Xom
Yredelemnul

Shops:
D:2 (

Annotations:
D:4 2 transporters


Innate Abilities, Weirdness & Mutations

You have a beak for a mouth.
You have claws for feet.
Your magical nature lets you fly swiftly and evasively.


Message History

Confirm with . or Enter, or press ? or * to list all spells.
Aiming: Shock (safe; 1% risk of failure)
Press: ? - help, Shift-Dir - straight line The zap hits the vampire mosquito.
The vampire mosquito is severely damaged.
You hear some strange, mumbled words.
A puff of flame appears from out of thin air!
The puff of flame hits you.
Casting: Shock (safe; 1% risk of failure)
Confirm with . or Enter, or press ? or * to list all spells.
Aiming: Shock (safe; 1% risk of failure)
Press: ? - help, Shift-Dir - straight line The zap hits something.
The zap hits the vampire mosquito!
The vampire mosquito is almost destroyed.
The vampire mosquito bites you!
* * * LOW HITPOINT WARNING * * *
The vampire mosquito draws strength from your injuries!
You hear some strange, mumbled words.
A magic dart appears from out of thin air!
The magic dart hits you.
* * * LOW HITPOINT WARNING * * *
Okay, then.
Unknown command.
You can't see any enemies this would affect, really read the scroll of fear?
Okay, then.
Unknown command.
Unknown command.
Unknown command.
Unknown command.
Unknown command.
As you read the scroll of butterflies, it crumbles to dust.
You hear the tinkle of a tiny bell.
The vampire mosquito bites you but does no damage.
The vampire mosquito closely misses you.
You hear some strange, mumbled words.
Something tries to affect you, but you resist.
As you read the scroll of teleportation, it crumbles to dust.
You feel strangely unstable. The vampire mosquito misses you.
The vampire mosquito bites you.
You die...

#<. #.. ###
###########.#
#...bb#bbb#.#
#.b.bbbyb..#
#@#..[# #{#...#
#y#...# #b#...#
#.)...# #..
###..###### #..
#o....o.o #.#
###.#########.#
#......y....#.#


You could see 2 vampire mosquitoes.

Vanquished Creatures
  2 vampire mosquitoes (D:5)
  The ghost of oneeeeegina the Magician, an amateur DjNe (D:3)
  A phantom (D:4)
  A water moccasin zombie (D:3)
  A bullfrog zombie (D:3)
  A centaur zombie (D:3)
  A jelly (D:4)
  A hound (D:5)
  An iguana (D:5)
  Robin (D:3)
  6 adders
  2 ufetubi
  A worm (D:2)
  5 dart slugs
  4 orcs
  7 endoplasms
  4 giant cockroaches
  19 goblins
  6 hobgoblins
  8 jackals
  3 quokkas
  8 ball pythons
  5 bats
  A frilled lizard (D:1)
  9 kobolds
  6 rats
105 creatures vanquished.

Notes
Turn   | Place    | Note
-------+----------+-------------------------------------------
     0 | D:1      | Essalna the Tengu Air Elementalist began the quest for the
                  | Orb.
     0 | D:1      | Reached XP level 1. HP: 10/10 MP: 4/4
   172 | D:1      | Reached XP level 2. HP: 16/16 MP: 0/6
   437 | D:1      | Reached skill level 1 in Fighting
   722 | D:1      | Reached XP level 3. HP: 20/20 MP: 5/7
  1290 | D:2      | Learned a level 2 spell: Static Discharge
  1561 | D:2      | Reached XP level 4. HP: 20/26 MP: 1/8
  1707 | D:2      | Reached skill level 5 in Air Magic
  1822 | D:2      | Found Mousk's Weapon Boutique.
  2034 | D:3      | Noticed Robin
  2166 | D:3      | Killed Robin
  2329 | D:3      | Found a runed translucent gate.
  2333 | D:3      | Learned a level 2 spell: Poisonous Vapours
  2342 | D:3      | Found a runed translucent gate.
  2342 | D:3      | Found a runed translucent gate.
  2342 | D:3      | Noticed oneeeeegina's ghost (amateur DjNe)
  2413 | D:3      | Gained mutation: Your magical nature lets you fly swiftly
                  | and evasively. [Tengu growth]
  2413 | D:3      | Reached XP level 5. HP: 28/31 MP: 1/9
  2531 | D:3      | Identified the +0 plate armour of the Crushed Heavens
                  | {rElec rF++ Dex-2 SInv}
  2645 | D:3      | Found a white marble altar of Elyvilon.
  2775 | D:3      | Found a basalt altar of Yredelemnul.
  3258 | D:4      | Found a transporter.
  3264 | D:4      | Found a transporter.
  3299 | D:4      | Found an opulent altar of Gozag.
  3347 | D:4      | Found a staircase to the Ecumenical Temple.
  3364 | Temple   | Entered the Ecumenical Temple
  3534 | D:4      | You are sucked into a shaft and drop 1 floor!
  3534 | D:5      | Entered Level 5 of the Dungeon
  3537 | D:5      | Found a hide-covered altar of Uskayaw.
  3603 | D:5      | Noticed a vampire mosquito
  3683 | D:4      | Noticed a phantom
  3687 | D:4      | Killed a phantom
  3688 | D:4      | Reached XP level 6. HP: 18/37 MP: 10/10
  3864 | D:4      | Learned a level 4 spell: Airstrike
  3961 | D:4      | Reached skill level 6 in Air Magic
  3996 | D:4      | Found a radiant altar of Vehumet.
  4002 | D:4      | Became a worshipper of Vehumet
  4039 | D:4      | Found an ancient bone altar of Kikubaaqudgha.
  4213 | D:3      | Killed oneeeeegina's ghost
  4217 | D:3      | Reached skill level 5 in Conjurations
  4217 | D:3      | Reached XP level 7. HP: 28/41 MP: 10/12
  4474 | D:5      | Found a sacrificial altar of Ru.
  4501 | D:5      | Noticed a vampire mosquito
  4501 | D:5      | Noticed a vampire mosquito
  4504 | D:5      | Noticed a vampire mosquito
  4506 | D:5      | Killed a vampire mosquito
  4557 | D:5      | Reached skill level 7 in Air Magic
  4651 | D:5      | Killed a vampire mosquito
  4661 | D:5      | HP: 2/44 [something/magic dart (5)]
  4663 | D:5      | Slain by a vampire mosquito

Illustrated notes

Levels and vault maps discovered:
D:1:      lemuel_arrival_hallway, layout_basic, serial_rivers,
          chequers_serial_rivers_small_b, chequers_serial_rivers_marsh,
          chequers_serial_rivers_large_a, chequers_serial_rivers_micro_b,
          chequers_serial_rivers_micro_e
D:2:      layout_rooms, serial_shops, nicolae_shop_bloodbath_and_beyond
D:3:      layout_loops_ring, kennysheep_ying_yang, gammafunk_ghost_necromancy,
          uniq_robin
D:4:      gammafunk_wand_slinger, layout_cave_pools,
          nicolae_gozag_cash_rules_everything_around_me,
          mainiacjoe_overflow_alcove_2, nicolae_vehumet_altar_sigil,
          minmay_temple_entry_junction_2, moated_statue, kennysheep_crisscross,
          nicolae_figureground_pulse
D:5:      layout_basic, kennysheep_little_box, nicolae_tso_swordbearing_angel,
          lemuel_tele_altar, uniq_prince_ribbit1, uniq_eustachio
Temple:   chequers_temple_sunken

Skill      XL: |  1  2  3  4  5  6  7 |
---------------+----------------------+-----
Conjurations   | 2 3 4 5 6 |  6.1
Fighting       | 1 2 3 4 |  4.4
Air Magic      | 5 6 7 |  7.3
Spellcasting   | 3 |  3.1
Dodging        | |  2.1
Stealth        | |  2.0

Action                   |  1- 3 |  4- 6 |  7- 9 || total
-------------------------+-------+-------+-------++-------
Melee: Dagger            |     4 |     4 |     7 ||    15
       Kick              |     2 |     4 |     2 ||     8
       Peck              |       |       |     3 ||     3
 Cast: Shock             |    72 |   110 |    11 ||   193
       Static Discharge  |       |    12 |     4 ||    16
       Airstrike         |       |       |     4 ||     4
  Use: Scroll            |       |     7 |     3 ||    10
 Stab: Sleeping          |       |       |     1 ||     1
Armor: Robe              |     3 |    16 |     1 ||    20
Dodge: Dodged            |     5 |    21 |    10 ||    36

Table legend: (Time is in decaauts)
 A = Elapsed time spent in this place.
 B = Non-inter-level travel time spent in this place.
 C = Inter-level travel time spent in this place.
 D = Time resting spent in this place.
 E = Time spent auto-exploring this place.
 F = Levels seen in this place.
 G = Mean time per level.
                   A        B        C        D        E       F      G
               +--------+--------+--------+--------+--------+-----+--------+
         Total |   4518 |   4282 |    236 |     94 |   3539 |   6 |  753.0 |
       Dungeon |   4375 |   4150 |    225 |     94 |   3414 |   5 |  875.0 |
        Temple |    143 |    133 |     10 |      0 |    124 |   1 |  143.0 |
               +--------+--------+--------+--------+--------+-----+--------+

Top non-repeatable levels by time:
     D:3: 1251 daAuts
     D:1: 1217 daAuts
     D:2: 816 daAuts
     D:4: 684 daAuts
     D:5: 405 daAuts
  Temple: 143 daAuts
